Map: 光影交错-天梯版

Players

iGXY (XY) - Winner!

  • Race: Terran Terran

Cyan

  • Race: Protoss Protoss
  • League: Master

Event: DreamHack SC2 Masters 2020 Winter

VOD

Have the link to the VOD?

Description

Time

  • Played on: Nov. 1, 2020, 7:34 a.m.
  • Length: 8:46

All games in this series

Show
View Real Time Build Order
Export as new Build Order

iGXY Terran - Winner!

Build Orders:  

Get SALT Encoding   

  12  0:00  SCV  
  13  0:12  SCV  
  14  0:17  Supply Depot  
  14  0:24  SCV  
  14  0:27  Refinery  
  15  0:39  SCV  
  16  0:45  Barracks  
  16  0:57  SCV  
  17  1:09  SCV  
  17  1:11  Engineering Bay  
  18  1:21  SCV  
  19  1:32  Marine  
  20  1:33  Orbital Command  
  20  1:44  Factory  
  20  1:51  Barracks Reactor  
  20  1:55  Supply Depot  
  20  2:00  SCV  
  21  2:12  SCV  
  22  2:20  Command Center  
  22  2:24  SCV  
  23  2:33  Hellion  
  23  2:34  Hellion  
  27  2:39  Supply Depot  
  27  2:46  SCV  
  28  2:56  Hellion  
  30  3:01  Hellion  
  30  3:03  Starport, SCV  
  33  3:07  Refinery  
  33  3:17  Widow Mine  
  35  3:23  Widow Mine, SCV  
  38  3:35  SCV  
  38  3:37  Barracks Tech Lab  
  38  3:39  Orbital Command  
  37  3:47  Widow Mine, SCV  
  37  3:48  Widow Mine  
  39  3:51  Medivac  
  40  3:59  SCV  
  39  4:05  SCV  
  36  4:11  SCV  
  36  4:12  Orbital Command  
  37  4:23  Bunker, SCV  
  36  4:27  Marine x2, Siege Tank  
  41  4:32  Barracks  
  41  4:40  SCV x2  
  41  4:45  Marine x2  
  44  4:52  SCV  
  46  4:59  Siege Tank  
  48  5:01  SCV  
  48  5:03  Marine  
  49  5:07  Marine  
  49  5:13  SCV  
  50  5:17  SCV  
  50  5:18  Starport Tech Lab  
  50  5:20  Supply Depot, Barracks  
  50  5:21  Marine  
  52  5:25  Marine, SCV  
  50  5:29  SCV  
  50  5:33  Siege Tank  
  52  5:37  Engineering Bay  
  52  5:38  Marine  
  52  5:40  SCV  
  54  5:42  Marine  
  54  5:44  SCV  
  54  5:46  Stimpack  
  54  5:48  Starport Tech Lab  
  56  5:52  SCV  
  56  5:53  Marine  
  56  5:56  SCV, Marine  
  60  5:58  Refinery  
  60  6:04  SCV, Terran Infantry Weapons Level 1  
  60  6:08  SCV  
  60  6:09  Supply Depot  
  62  6:17  Missile Turret, Starport Reactor  
  62  6:19  Supply Depot  
  62  6:30  Supply Depot, SCV x2, Marine  
  62  6:31  Marauder x2  
  69  6:37  Supply Depot  
  69  6:38  Refinery  
  69  6:42  SCV  
  69  6:43  SCV, Supply Depot  
  69  6:46  Siege Tank  
  74  6:51  Marine x2  
  74  6:52  Marauder  
  78  6:55  SCV  
  78  6:58  Medivac  
  81  7:04  Supply Depot  
  81  7:05  Marauder  
  83  7:09  Marine  
  83  7:13  Marauder  
  83  7:15  Medivac  
  88  7:16  SCV  
  88  7:18  Marine  
  90  7:26  Marine  
  91  7:32  Marine  
  91  7:35  Marauder, Siege Tank, Marine  
  98  7:37  SCV, Command Center  
  98  7:38  Supply Depot  
  98  7:40  SCV  
  98  7:43  Concussive Shells  
  100  7:49  SCV  
  101  7:54  Barracks  
  97  8:03  SCV  
  94  8:07  SCV, Siege Tank  
  93  8:15  Marine  
  93  8:16  Marine, Marauder  
  93  8:17  SCV  
  93  8:19  SCV  
Show
View Real Time Build Order
Export as new Build Order

Cyan Protoss 

Build Orders:  

Get SALT Encoding   

  12  0:00  Probe  
  13  0:12  Probe  
  14  0:17  Pylon  
  14  0:24  Probe (Chrono Boost)  
  15  0:36  Probe (Chrono Boost)  
  15  0:37  Gateway  
  16  0:45  Probe (Chrono Boost)  
  16  0:46  Assimilator  
  17  0:51  Probe  
  18  1:03  Probe  
  19  1:15  Probe  
  20  1:22  Pylon  
  20  1:27  Cybernetics Core  
  20  1:33  Probe  
  21  1:45  Probe  
  21  1:59  Probe  
  21  2:01  Adept (Chrono Boost)  
  22  2:03  Nexus  
  22  2:07  Warp Gate  
  24  2:11  Probe  
  25  2:16  Assimilator  
  25  2:23  Probe  
  25  2:26  Stalker (Chrono Boost)  
  28  2:35  Probe  
  29  2:37  Pylon  
  29  2:47  Probe  
  30  2:55  Stalker (Chrono Boost)  
  32  3:03  Probe  
  33  3:08  Gateway  
  33  3:11  Gateway  
  33  3:21  Stalker (Chrono Boost)  
  33  3:24  Probe  
  36  3:27  Probe  
  32  3:37  Probe  
  32  3:39  Probe  
  27  3:49  Probe (Chrono Boost)  
  26  3:58  Probe (Chrono Boost)  
  26  4:00  Probe (Chrono Boost)  
  25  4:04  Probe (Chrono Boost)  
  25  4:05  Probe (Chrono Boost)  
  25  4:07  Pylon  
  27  4:16  Probe  
  26  4:18  Probe  
  27  4:27  Stalker  
  27  4:30  Stalker  
  29  4:36  Stalker  
  30  4:39  Probe (Chrono Boost)  
  30  4:41  Probe (Chrono Boost)  
  32  4:51  Probe (Chrono Boost)  
  34  4:53  Probe (Chrono Boost)  
  34  4:57  Stalker  
  34  4:59  Probe x2 (Chrono Boost)  
  38  5:07  Probe  
  38  5:09  Sentry  
  38  5:12  Probe  
  32  5:17  Stalker  
  32  5:20  Probe (Chrono Boost)  
  35  5:26  Probe (Chrono Boost)  
  33  5:32  Probe (Chrono Boost)  
  35  5:37  Probe (Chrono Boost)  
  35  5:39  Probe (Chrono Boost)  
  35  5:41  Probe (Chrono Boost)  
  36  5:46  Probe  
  38  5:52  Probe  
  39  5:57  Robotics Facility  
  39  5:58  Probe  
  41  6:04  Probe  
  41  6:08  Sentry  
  41  6:09  Sentry  
  41  6:10  Probe  
  46  6:16  Probe  
  47  6:20  Pylon  
  47  6:22  Probe (Chrono Boost)  
  48  6:28  Probe (Chrono Boost)  
  48  6:32  Pylon  
  49  6:33  Assimilator  
  49  6:35  Assimilator, Probe (Chrono Boost)  
  49  6:39  Probe (Chrono Boost)  
  51  6:42  Probe (Chrono Boost)  
  51  6:44  Pylon, Probe (Chrono Boost)  
  51  6:45  Observer  
  54  6:49  Pylon, Probe  
  55  6:54  Probe  
  55  7:01  Probe  
  57  7:03  Robotics Bay, Gateway  
  57  7:06  Probe  
  58  7:13  Stalker, Probe  
  61  7:18  Stalker  
  61  7:19  Probe  
  64  7:23  Observer  
  64  7:25  Probe  
  66  7:31  Probe  
  67  7:37  Probe  
  67  7:39  Shield Battery  
  67  7:40  Stalker  
  67  7:41  Stalker  
  67  7:42  Pylon  
  72  7:47  Stalker  
  72  7:49  Pylon  
  74  7:54  Disruptor (Chrono Boost)  
  67  8:06  Zealot x3  
  67  8:11  Zealot  
Tags
 
Add a new tag
Caveats
  • Supply blocks, unpowered buildings, or Contaminate may cause inaccurate times.
  • Supply counts are checked every 10 seconds.